 Dungeon Crawl Stone Soup version 0.30-a0-373-gd37427bb62 (webtiles) character file.

Game seed: 907073766254209202

7610 greenreed the Spear-Bearer (level 10, -25/91 HPs)
             Began as a Minotaur Berserker on Nov 5, 2022.
             Was an Elder of Trog.
             Killed from afar by a deep elf zephyrmancer (36 damage)
             ... with a bolt of lightning
             ... in a bailey on Nov 23, 2022.
             The game lasted 00:22:15 (8358 turns).

greenreed the Spear-Bearer (Minotaur Berserker)     Turns: 8358, Time: 00:22:16

Health: -25/91     AC: 17    Str: 26    XL:     10   Next: 98%
Magic:  9/9        EV: 10    Int:  4    God:    Trog [****..]
Gold:   154        SH:  5    Dex: 14    Spells: 9/9 levels left

rFire   . . .      SeeInvis .    L - +11 trident of Yduosiam {speed, Dex+4}
rCold   + . .      Faith    .    (no shield)
rNeg    . . .      Spirit   .    j - +0 chain mail
rPois   +          Reflect  +    (helmet restricted)
rElec   .          Harm     .    R - +0 cloak {rPois}
rCorr   .          Rampage  .    e - +0 pair of gloves
Will    +....                    S - +1 pair of boots {Stlth+}
Stlth   ..........               G - amulet of reflection
HPRegen 0.35/turn                J - ring of protection from cold
MPRegen 0.11/turn                N - ring of willpower

@: no status effects
A: horns 2, retaliatory headbutt
a: Renounce Religion, Berserk, Trog's Hand, Brothers in Arms


You were in a bailey.
You worshipped Trog.
Trog was greatly pleased with you.
You visited 1 branch of the dungeon, and saw 10 of its levels.
You also visited: Sewer and Bailey.

You collected 498 gold pieces.
You spent 344 gold pieces at shops.

Inventory:

Hand Weapons
 a - a +0 spear
 w - the +6 falchion of Guskics {venom, rPois MP+9 SInv}
   (You found it on level 3 of the Dungeon)

   It poisons the flesh of those it strikes.
   rPois:     It protects you from poison.
   MP:        It affects your magic capacity (+9).
   SInv:      It lets you see invisible.
 y - a +0 spectral demon trident
 L - the +11 trident of Yduosiam (weapon) {speed, Dex+4}
   (You found it on level 9 of the Dungeon)

   Attacks with this weapon are significantly faster.
   Dex:       It affects your dexterity (+4).
Missiles
 A - 35 poisoned darts (quivered)
Armour
 b - a +0 animal skin
 e - a +0 pair of gloves (worn)
 g - a scarf of harm
 j - a +0 chain mail (worn)
 R - a +0 cloak of poison resistance (worn)
 S - a +1 pair of boots of stealth (worn)
Jewellery
 k - a ring of fire
 C - a ring of magical power
 G - an amulet of reflection (around neck)
 J - a ring of protection from cold (left hand)
 N - a ring of willpower (right hand)
 Q - a +4 ring of evasion
Wands
 E - a wand of charming (17)
 K - a wand of roots (3)
 O - a wand of quicksilver (4)
 T - a wand of digging (5)
Scrolls
 f - 3 scrolls of enchant armour
 h - 3 scrolls of poison
 i - 2 scrolls of vulnerability {unknown}
 l - 5 scrolls of teleportation
 p - a scroll of summoning
 q - 2 scrolls of immolation {unknown}
 v - 2 scrolls of fog
 z - 3 scrolls of magic mapping
 D - 2 scrolls of blinking
 F - a scroll of amnesia {unknown}
 I - a scroll of identify
 P - a scroll of silence {unknown}
Potions
 c - 5 potions of curing
 d - 2 potions of heal wounds {unknown}
 m - 2 potions of might
 n - 2 potions of attraction {unknown}
 o - 7 potions of haste
 r - a potion of mutation {unknown}
 s - a potion of magic {unknown}
 t - a potion of cancellation {unknown}
 u - 2 potions of berserk rage
 x - 2 potions of lignification
 B - a potion of ambrosia {unknown}
 H - 2 potions of degeneration {unknown}
 M - a potion of flight {unknown}


   Skills:
 + Level 9.1 Fighting
 + Level 1.6 Long Blades
 - Level 14.0 Polearms
 + Level 10.6 Armour
 + Level 4.0 Dodging
 + Level 3.3 Stealth
 + Level 2.4 Shields


You had 9 spell levels left.
You didn't know any spells.
Your spell library was empty.

Dungeon Overview and Level Annotations

Branches:
Dungeon (10/15)            Temple (0/1) D:6            Lair (0/5) D:9
  Sewer (visited)          Bailey (1/1)
    Orc: D:9-12

Altars:
Ashenzari
Dithmenos
Elyvilon
Fedhas
Makhleb
Okawaru
Uskayaw
Yredelemnul
Zin
The Shining One

Shops:
D:1 :   D:2 (*:([   D:6 (   D:9 [*

Annotations:
D:3 2 transporters, olddryhag's ghost, amateur DrFi
D:7 2 transporters, Grum; gdog's ghost, novice GnDe


Innate Abilities, Weirdness & Mutations

You have a pair of horns on your head.
You reflexively headbutt those who attack you in melee.


Message History

Trog accepts your kill.
The orc no longer looks unusually strong.
Your ogre barely misses the orc.
You could not reach far enough!
You reach to attack!
You puncture the orc!
You kill the orc!
Trog accepts your kill.
You reach to attack!
You barely miss the orc.
Your ogre closely misses the orc.
You reach to attack!
You hit the orc.
The orc is moderately wounded.
The orc closely misses you.
You could not reach far enough!
Your ogre closely misses the orc.
You reach to attack!
You puncture the orc!
You kill the orc!
Trog accepts your kill.
You swap places.
Items here: )) [[ ††.
Your ogre rages.
Items here: ))) [[[.
Things that are here:
a +0 spear; a +0 scale mail; an orc corpse
Found nine items.
Your ogre rages.
Your ogre rages.
Found 26 gold pieces.
You open the large door.
The deep elf zephyrmancer points at you and mumbles some strange words.
The bolt of lightning misses you. The bolt of lightning hits you!!
Your ogre closely misses the deep elf zephyrmancer.
The deep elf zephyrmancer hits your ogre with a +0 long sword.
Your ogre barely misses the deep elf zephyrmancer.
The deep elf zephyrmancer casts a spell at you.
The bolt of lightning hits your ogre!! The bolt of lightning hits you!
* * * LOW HITPOINT WARNING * * *
Your ogre barely misses the deep elf zephyrmancer.
The deep elf zephyrmancer points at you and mumbles some strange words.
The bolt of lightning hits your ogre! The bolt of lightning hits you!
* * * LOW HITPOINT WARNING * * *
The bolt of lightning hits you!!!
You die...

#..##=[!$##..#
#..#$?}[?!#..#
#..#..##..#..#
#..#..##..#..#
#. #......#..#
#.. #.e..##..#
#..###O'###..#
##...8....8...##
#....@.........#
#$.##########.$#
## ###


You could see a deep elf zephyrmancer (ally target) and a friendly ogre
(summoned, berserk).

Vanquished Creatures
  2 two-headed ogres (D:9)
  Joseph (D:7)
  Sigmund (D:2)
  5 yaks (D:9)
  A wraith (D:9)
  2 wyverns (D:9)
  A basilisk (D:9)
  2 steam dragons
  An acid dragon (D:9)
  Duvessa (D:7)
  4 water moccasins
  A sky beast (D:6)
  An ice beast (D:5)
  5 orc warriors
  A centaur (D:9)
  An ogre (D:5)
  2 kobold brigands (D:9)
  2 necrophages
  4 bullfrogs
  4 scorpions
  7 wights
  Dowan (D:7)
  9 killer bees (D:9)
  3 howler monkeys
  3 jellies
  5 hounds
  A gnoll bouda (D:4)
  8 iguanas
  Ijyb (D:5)
  5 orc wizards
  8 adders
  7 gnolls
  3 river rats (Sewer)
  A white imp (D:6)
  An ufetubus (D:6)
  3 worms
  29 orcs
  10 endoplasms
  2 giant cockroaches
  4 goblins
  9 hobgoblins
  A quokka (D:3)
  12 ball pythons
  3 bats
  7 frilled lizards
  18 kobolds
  7 rats
210 creatures vanquished.

Vanquished Creatures (collateral kills)
  An orc knight (Bailey)
  An orc (Bailey)
2 creatures vanquished.

Vanquished Creatures (others)
  2 fungi (D:9)
  22 plants
24 creatures vanquished.

Grand Total: 236 creatures vanquished

Notes
Turn   | Place    | Note
-------+----------+-------------------------------------------
     0 | D:1      | greenreed the Minotaur Berserker began the quest for the
                  | Orb.
     0 | D:1      | Reached XP level 1. HP: 19/19 MP: 0/0
    40 | D:1      | Found Gytauk's Book Shoppe.
    57 | D:1      | Upgraded the game from 0.30-a0-347-gf58ed5266c to
                  | 0.30-a0-373-gd37427bb62
   188 | D:1      | Reached XP level 2. HP: 22/27 MP: 1/1
   196 | D:1      | Reached skill level 4 in Polearms
   719 | D:2      | Found Emoed's Book Boutique.
   727 | D:2      | Found Yschov's Assorted Antiques.
   753 | D:2      | Reached ** piety under Trog
   953 | D:2      | Noticed Sigmund
   993 | D:3      | Found a transporter.
   993 | D:3      | Noticed a small abomination
  1162 | D:3      | Found a glowing drain.
  1175 | D:3      | Reached XP level 3. HP: 33/33 MP: 2/2
  1192 | Sewer    | Entered a sewer
  1414 | Sewer    | Reached XP level 4. HP: 24/41 MP: 3/3
  1817 | D:3      | Noticed olddryhag's ghost (amateur DrFi)
  1822 | D:3      | Found a transporter.
  1928 | D:3      | Identified the +6 falchion of Guskics {venom, rPois MP+9
                  | SInv}
  2417 | D:2      | Found Biqaa's Antique Weapon Emporium.
  2532 | D:2      | Killed Sigmund
  2533 | D:2      | Reached skill level 5 in Polearms
  2533 | D:2      | Reached skill level 1 in Stealth
  2533 | D:2      | Reached XP level 5. HP: 46/47 MP: 4/4
  2569 | D:2      | Found Coshazyc's Armour Boutique.
  2675 | D:2      | Found Wesiosax's Antique Weapon Shoppe.
  2901 | D:4      | Reached XP level 6. HP: 55/55 MP: 5/5
  2975 | D:4      | Reached skill level 5 in Fighting
  3014 | D:4      | Reached *** piety under Trog
  3244 | D:4      | Reached skill level 6 in Polearms
  3244 | D:4      | Reached skill level 5 in Armour
  3527 | D:4      | Reached XP level 7. HP: 61/61 MP: 6/6
  3844 | D:5      | Entered Level 5 of the Dungeon
  3849 | D:5      | Identified the +0 rapier of Stickiness {pain, Int+3}
  3992 | D:5      | Reached skill level 7 in Polearms
  4294 | D:5      | Noticed Ijyb
  4299 | D:5      | Killed Ijyb
  4462 | D:6      | Reached XP level 8. HP: 66/69 MP: 7/7
  4501 | D:6      | Reached skill level 8 in Polearms
  4615 | D:6      | Found an iron altar of Okawaru.
  4615 | D:6      | Found a hide-covered altar of Uskayaw.
  4615 | D:6      | Found a shadowy altar of Dithmenos.
  4616 | D:6      | Found a basalt altar of Yredelemnul.
  4617 | D:6      | Found a burning altar of Makhleb.
  4710 | D:6      | Reached skill level 9 in Polearms
  4740 | D:6      | Found a staircase to the Ecumenical Temple.
  4780 | D:6      | Found Lainidae's Weapon Emporium.
  4937 | D:6      | You fall into a shaft and drop 3 floors!
  4992 | D:9      | Identified the +11 trident of Yduosiam {speed, Dex+4}
  4997 | D:9      | Noticed a two-headed ogre
  5002 | D:9      | Killed a two-headed ogre
  5003 | D:9      | Reached skill level 10 in Polearms
  5003 | D:9      | Reached XP level 9. HP: 75/75 MP: 8/8
  5049 | D:8      | Reached skill level 11 in Polearms
  5094 | D:7      | Reached **** piety under Trog
  5117 | D:7      | Noticed Duvessa
  5118 | D:7      | Noticed Dowan
  5515 | D:7      | Killed Duvessa
  5610 | D:7      | Killed Dowan
  5924 | D:7      | Noticed Joseph
  5934 | D:7      | Killed Joseph
  5935 | D:7      | Reached skill level 12 in Polearms
  6073 | D:7      | Found a broken altar of Ashenzari.
  6079 | D:7      | Found a transporter.
  6080 | D:7      | Found a transporter.
  6080 | D:7      | Identified the ring of Eternal Harmony {rPois rN+}
  6085 | D:7      | Noticed Grum
  6093 | D:7      | Identified the +4 ring mail "Xuom" {rN+ Dex+4}
  6093 | D:7      | Identified the +0 kite shield "Huamainways" {Rampage rF+
                  | Int+4}
  6093 | D:7      | Noticed gdog's ghost (novice GnDe)
  7080 | D:8      | Found a glowing silver altar of Zin.
  7080 | D:8      | Found a white marble altar of Elyvilon.
  7080 | D:8      | Found a glowing golden altar of the Shining One.
  7105 | D:9      | Reached skill level 1 in Shields
  7159 | D:9      | Reached XP level 10. HP: 86/86 MP: 9/9
  7189 | D:9      | Reached skill level 13 in Polearms
  7259 | D:9      | Found a staircase to the Lair.
  7631 | D:9      | Found Mosi's Antique Armour Shoppe.
  7639 | D:9      | Bought a runed cloak for 172 gold pieces
  7644 | D:9      | Bought a pair of glowing boots for 172 gold pieces
  7685 | D:9      | Found a blossoming altar of Fedhas.
  7959 | D:9      | Noticed a two-headed ogre
  7966 | D:9      | Killed a two-headed ogre
  7967 | D:9      | Reached skill level 14 in Polearms
  7967 | D:9      | Reached skill level 10 in Armour
  8024 | D:9      | Found Vood's Overcharged Wands.
  8039 | D:9      | Reached skill level 1 in Long Blades
  8203 | D:10     | Entered Level 10 of the Dungeon
  8210 | D:10     | Found a flagged portal.
  8215 | D:10     | Reached ***** piety under Trog
  8232 | Bailey   | Entered a bailey
  8314 | Bailey   | Noticed an orc knight
  8325 | Bailey   | Killed an orc knight
  8342 | Bailey   | Found a large runed translucent door.
  8342 | Bailey   | Found a large runed translucent door.
  8343 | Bailey   | Noticed a deep elf zephyrmancer
  8358 | Bailey   | Killed from afar by a deep elf zephyrmancer

Illustrated notes

Levels and vault maps discovered:
D:1:      dpeg_arrival_windows_large_door, layout_rooms, serial_shops, shop,
          serial_forest, infiniplex_forest_end_3, infiniplex_forest_pool,
          infiniplex_forest_corner_1, infiniplex_forest_corner_1,
          infiniplex_forest_lined_4_way, infiniplex_forest_straight_2,
          infiniplex_forest_end_double, infiniplex_forest_clump_curved,
          infiniplex_forest_end_double
D:2:      layout_loops_ring, serial_shops, shop, shop,
          nicolae_shop_advertising_works [nicolae_subvault_shop_adworks],
          nicolae_shop_trees, nicolae_shop_behind_doors, dk_noncrumbling_4,
          uniq_sigmund
D:3:      layout_loops_ring, gammafunk_ghost_abyssal_escape,
          cheibrodos_sewer_entry_bend
D:4:      layout_loops_ring, serial_forest, infiniplex_forest_diagonal,
          infiniplex_forest_pool, infiniplex_forest_clump_tiny,
          infiniplex_forest_straight_5, infiniplex_forest_diagonal,
          infiniplex_forest_lined_3, infiniplex_forest_straight_4,
          infiniplex_forest_diagonal, minmay_quadrilaterals
D:5:      layout_basic, uniq_ijyb
D:6:      layout_gridville, minitemple, minmay_temple_entry_drinking_statues,
          serial_shops, nicolae_shop_window_shopping,
          minmay_misc_feat_more_columns
D:7:      layout_basic, mainiacjoe_overflow_boulevard,
          gammafunk_ghost_gnarly_gnolls, uniq_duvessa, uniq_joseph
D:8:      layout_rooms, good_gods_mini_temple, minivault_26
D:9:      layout_gridville, fedhas_ov_isle_minmay, minmay_lair_entry_grove,
          serial_shops, shop, nicolae_shop_overcharged_wands
D:10:     layout_big_octagon, enter_bailey_4
Bailey:   bailey_polearm_elven_captive_hellmonk, bailey

Skill      XL: |  1  2  3  4  5  6  7  8  9 10 |
---------------+-------------------------------+-----
Polearms       | 4 5 6 7 10 12 14 | 14.0
Fighting       | 4 5 6 7 9 |  9.1
Armour         | 3 4 5 6 7 9 10 | 10.6
Dodging        | 3 4 |  4.0
Stealth        | 1 2 3 |  3.3
Shields        | 1 2 |  2.4
Long Blades    | 1 |  1.6

Action                   |  1- 3 |  4- 6 |  7- 9 | 10-12 || total
-------------------------+-------+-------+-------+-------++-------
Melee: Spear             |   119 |    46 |       |       ||   165
       Headbutt          |    22 |     6 |    19 |    16 ||    63
       Punch             |     1 |     1 |     1 |     2 ||     5
       Demon trident     |       |    34 |    65 |       ||    99
       Trident           |       |       |   118 |   169 ||   287
       Falchion          |       |       |       |     6 ||     6
Invok: Berserk           |       |     1 |     2 |     1 ||     4
       Trog's Hand       |       |     1 |       |       ||     1
       Brothers in Arms  |       |       |       |     1 ||     1
  Use: Scroll            |       |     8 |     5 |       ||    13
 Stab: Distracted        |     1 |     1 |     1 |       ||     3
Armor: Animal skin       |     5 |       |       |       ||     5
       Chain mail        |    26 |    20 |    28 |    40 ||   114
Dodge: Dodged            |    37 |    13 |    26 |    41 ||   117
Block: Other             |       |       |     8 |    22 ||    30
       Reflection        |       |       |       |     1 ||     1

Table legend: (Time is in decaauts)
 A = Elapsed time spent in this place.
 B = Non-inter-level travel time spent in this place.
 C = Inter-level travel time spent in this place.
 D = Time resting spent in this place.
 E = Time spent auto-exploring this place.
 F = Levels seen in this place.
 G = Mean time per level.
                   A        B        C        D        E       F      G
               +--------+--------+--------+--------+--------+-----+--------+
         Total |   8270 |   7872 |    398 |    218 |   6203 |  12 |  689.2 |
       Dungeon |   7570 |   7172 |    398 |    218 |   5691 |  10 |  757.0 |
         Sewer |    596 |    596 |      0 |      0 |    464 |   1 |  596.0 |
        Bailey |    103 |    103 |      0 |      0 |     48 |   1 |  103.0 |
               +--------+--------+--------+--------+--------+-----+--------+

Top non-repeatable levels by time:
     D:7: 1335 daAuts
     D:9: 1039 daAuts
     D:4: 983 daAuts
     D:3: 894 daAuts
     D:2: 752 daAuts
     D:6: 731 daAuts
     D:1: 659 daAuts
   Sewer: 596 daAuts
     D:5: 582 daAuts
     D:8: 570 daAuts
  Bailey: 103 daAuts
    D:10: 21 daAuts
